 Dungeon Sprint DCSS version 0.27.1-33-g824d729ab1 (webtiles) character file.

Game seed: 18304427561150267532

1719 Adenis the Cleaver (level 8, -2/133 HPs)
             Began as a Minotaur Berserker on Dec 6, 2021.
             Was an Elder of Trog.
             Shot with an arrow by a centaur warrior (8 damage)
             ... in the Dungeon (Sprint I: "Red Sonja").
             The game lasted 00:02:08 (1739 turns).

Adenis the Cleaver (Minotaur Berserker)             Turns: 1739, Time: 00:02:09

Health: -2/133     AC:  8    Str: 24    XL:     8   Next: 75%
Magic:  7/7        EV: 13    Int:  4    God:    Trog [****..]
Gold:   341        SH:  5    Dex: 10    Spells: 7/7 levels left

rFire    . . .     SeeInvis .   a - +0 hand axe
rCold    . . .     Faith    .   m - +2 buckler {AC+3}
rNeg     . . .     Spirit   .   n - +0 troll leather armour
rPois    .         Reflect  .   (helmet restricted)
rElec    .         Harm     .   (no cloak)
rCorr    .         Rampage  .   (no gloves)
Will     .....     NoTele   +   (no boots)
Stlth    ..........             (no amulet)
HPRegen  1.32/turn              (no ring)
MPRegen  0.10/turn              (no ring)

@: berserking, slow
A: horns 2, retaliatory headbutt
a: Renounce Religion, Berserk, Trog's Hand, Brothers in Arms


You were in the Dungeon.
You worshipped Trog.
Trog was greatly pleased with you.
You visited 1 branch You collected 556 gold pieces.
You spent 215 gold pieces at shops.

Inventory:

Hand Weapons
 a - a +0 hand axe (weapon)
Armour
 b - a +0 animal skin
 m - a +2 buckler of protection (worn)
 n - a +0 troll leather armour (worn)
Wands
 i - a wand of polymorph (10)
Scrolls
 h - a scroll of blinking
 j - a scroll of immolation {unknown}
 k - a scroll of fear {unknown}
 l - a scroll of amnesia {unknown}
Potions
 c - a potion of curing
 d - a potion of heal wounds
 e - a potion of haste
 f - 2 potions of magic
 g - a potion of berserk rage


   Skills:
 + Level 14.0 Fighting
 + Level 14.6 Axes
 + Level 7.4 Armour
 + Level 8.2 Dodging
 + Level 2.1 Stealth


You had 7 spell levels left.
You didn't know any spells.
Your spell library was empty.

Dungeon Overview and Level Annotations

Branches:
Dungeon (1/1)

Altars:
Cheibriados
Dithmenos
Elyvilon
Fedhas
Gozag
Hepliaklqana
Kikubaaqudgha
Makhleb
Nemelex Xobeh
Okawaru
Qazlal
Ru
Sif Muna
Trog
Uskayaw
Vehumet
Wu Jian
Xom
Yredelemnul
Zin
The Shining One
Jiyva
Lugonu

Shops:
D *[


Innate Abilities, Weirdness & Mutations

You have a pair of horns on your head.
You reflexively headbutt those who attack you in melee.


Message History

There is an open door here.
There is an open door, spattered with blood here.
There is an open door, spattered with blood here.
Things that are here:
a +0 troll leather armour; a deep troll skeleton You start putting on your armour.
You continue putting on your +2 buckler of protection. x4
You finish putting on your +2 buckler of protection.
You feel protected.
Things that are here:
a +0 troll leather armour; a deep troll skeleton
n - a +0 troll leather armour
Okay, then.
You start removing your armour.
You continue taking off your +0 animal skin. x4
You finish taking off your +0 animal skin.
You start putting on your armour.
You continue putting on your +0 troll leather armour. x5
You finish putting on your +0 troll leather armour.
The armour throbs as it attunes itself to your uninjured body.
You see here a deep troll skeleton.
There is an open door, spattered with blood here.
There is an open door here.
You enter the shallow water.
Moving in this stuff is going to be slow.
The centaur warrior shouts!
The centaur warrior wields a +0 shortbow.
The centaur warrior shoots an arrow.
The arrow hits you!!
The centaur warrior wields a +0 longbow.
The centaur warrior shoots an arrow.
The arrow hits you!
The centaur warrior shoots an arrow.
You block the arrow.
The centaur warrior shoots an arrow.
The arrow hits you!!
The centaur warrior shoots an arrow.
The arrow hits you!
* * * LOW HITPOINT WARNING * * *
A red film seems to cover your vision as you go berserk!
You feel yourself moving faster!
You feel mighty!
The centaur warrior shoots an arrow.
The arrow hits you!
* * * LOW HITPOINT WARNING * * *
The centaur warrior shoots an arrow.
The arrow hits you!
You die...

########################
.#..)..#..'..#__#..')..#
.)..#..').#..'^.'..#)..#
.#####'#####'#__####...+
.####..#...#(####§§#####
.#__####..##.#§≈§§§#
.#_____##'#_.§≈§§c§+
⌠#_.∩...'..._#§≈@§c#
##_..__##_.#'##§####
#_____###+#.#.§§.###
####### ####'###(##
+..÷..'.∩# ##########


You could see 2 centaur warriors.

Vanquished Creatures
  A deep troll (D)
  2 kobold demonologists (D)
  A slime creature (D)
  Sigmund (D)
  A yak (D)
  A floating eye (D)
  An ogre (D)
  A jelly (D)
  Ijyb (D)
10 creatures vanquished.

Notes
Turn   | Place    | Note
-------+----------+-------------------------------------------
     0 | D        | Adenis the Minotaur Berserker began the quest for the Orb.
     0 | D        | Reached XP level 1. HP: 19/19 MP: 0/0
     2 | D        | Noticed Ijyb
     5 | D        | Killed Ijyb
     6 | D        | Reached skill level 5 in Fighting
     6 | D        | Reached skill level 5 in Axes
     6 | D        | Reached XP level 2. HP: 29/29 MP: 1/1
   219 | D        | Noticed an ogre
   224 | D        | Killed an ogre
   225 | D        | Reached XP level 3. HP: 40/40 MP: 2/2
   225 | D        | Reached XP level 4. HP: 48/48 MP: 3/3
   272 | D        | Noticed Sigmund
   285 | D        | Killed Sigmund
   285 | D        | Reached ** piety under Trog
   286 | D        | Reached skill level 10 in Axes
   286 | D        | Reached skill level 5 in Armour
   286 | D        | Reached skill level 5 in Dodging
   286 | D        | Reached XP level 5. HP: 56/58 MP: 4/4
   521 | D        | Found an ornate altar of the Wu Jian Council.
   521 | D        | Found a shimmering blue altar of Sif Muna.
   523 | D        | Found a radiant altar of Vehumet.
   526 | D        | Reached skill level 10 in Fighting
   526 | D        | Reached XP level 6. HP: 52/66 MP: 5/5
   688 | D        | Found Tylluod's Assorted Antiques.
   688 | D        | Found an ancient bone altar of Kikubaaqudgha.
   688 | D        | Found a hazy altar of Hepliaklqana.
   688 | D        | Found a stormy altar of Qazlal.
   688 | D        | Found a hide-covered altar of Uskayaw.
   688 | D        | Found a blossoming altar of Fedhas.
   688 | D        | Found a bloodstained altar of Trog.
   688 | D        | Found an iron altar of Okawaru.
   688 | D        | Found a basalt altar of Yredelemnul.
   688 | D        | Found a glowing golden altar of the Shining One.
   688 | D        | Found a snail-covered altar of Cheibriados.
   688 | D        | Found a sacrificial altar of Ru.
   688 | D        | Found a glowing silver altar of Zin.
   688 | D        | Found a shadowy altar of Dithmenos.
   688 | D        | Found a white marble altar of Elyvilon.
   688 | D        | Noticed a yak
   695 | D        | Killed a yak
   696 | D        | Found an opulent altar of Gozag.
   707 | D        | Found a sparkling altar of Nemelex Xobeh.
   730 | D        | Found a burning altar of Makhleb.
   730 | D        | Found a viscous altar of Jiyva.
   730 | D        | Found a shimmering altar of Xom.
   730 | D        | Found a corrupted altar of Lugonu.
   730 | D        | Noticed a slime creature
   740 | D        | Killed a slime creature
   740 | D        | Reached *** piety under Trog
   741 | D        | Reached XP level 7. HP: 40/75 MP: 6/6
  1171 | D        | Noticed a kobold demonologist
  1171 | D        | Noticed a kobold demonologist
  1174 | D        | Noticed a ynoxinul
  1180 | D        | Killed a kobold demonologist
  1181 | D        | Reached skill level 1 in Stealth
  1185 | D        | Killed a kobold demonologist
  1185 | D        | Reached **** piety under Trog
  1186 | D        | Reached XP level 8. HP: 86/86 MP: 7/7
  1332 | D        | Noticed a centaur warrior
  1332 | D        | Noticed a centaur warrior
  1345 | D        | Noticed a deep troll
  1353 | D        | Killed a deep troll
  1701 | D        | Found Roxa's Armour Emporium.
  1706 | D        | Bought a +2 buckler of protection for 215 gold pieces
  1739 | D        | HP: 6/133 [centaur warrior/arrow (12)]
  1739 | D        | Shot with an arrow by a centaur warrior

Illustrated notes

Levels and vault maps discovered:
D:        dungeon_sprint_1 [red_sonja_temple_1, red_sonja_temple_small_1]

Skill      XL: |  1  2  3  4  5  6  7  8 |
---------------+-------------------------+-----
Fighting       | 5 7 9 10 11 13 14 | 14.0
Axes           | 5 7 10 12 13 14 | 14.6
Armour         | 3 4 5 6 7 |  7.4
Dodging        | 3 5 6 7 8 |  8.2
Stealth        | 1 2 |  2.1

Action                   |  1- 3 |  4- 6 |  7- 9 || total
-------------------------+-------+-------+-------++-------
Melee: Hand axe          |     6 |    27 |    18 ||    51
       Headbutt          |     1 |     8 |     5 ||    14
Invok: Berserk           |     2 |     2 |     3 ||     7
Armor: Animal skin       |       |       |     2 ||     2
Dodge: Dodged            |     1 |     6 |     4 ||    11
Block: Buckler           |       |       |     1 ||     1
